 Dungeon Crawl Stone Soup version 0.28-a0-723-g095bd1b44f (webtiles) character file.

Game seed: 16661545544344885443

1950 sanka the Schismatic (level 8, -2/66 HPs)
             Began as a Palentonga Abyssal Knight on Oct 22, 2021.
             Was an Elder of Lugonu.
             Slain by an ogre (14 damage)
             ... on level 6 of the Dungeon on Oct 25, 2021.
             The game lasted 00:17:45 (9602 turns).

sanka the Schismatic (Palentonga Abyssal Knight)    Turns: 9602, Time: 00:17:46

Health: -2/66      AC: 20    Str: 18    XL:     8   Next: 99%
Magic:  14/14      EV:  3    Int: 10    God:    Lugonu [****..]
Gold:   15         SH:  0    Dex: 12    Spells: 7/7 levels left

rFire   . . .      SeeInvis +   a - +0 war axe (flame)
rCold   . . .      Faith    .   (no shield)
rNeg    . . .      Spirit   .   x - +0 chain mail
rPois   .          Reflect  .   (no helmet)
rElec   .          Harm     .   k - +0 cloak
rCorr   .          Rampage  .   (no gloves)
Will    .....                   w - +0 barding
Stlth   ..........              (no amulet)
HPRegen 0.21/turn               (no ring)
MPRegen 0.14/turn               h - ring of wizardry

@: curled up
A: large, rugged brown scales 3, see invisible, deformed body, roll 1, armoured
tail, reflexive curl
a: Rolling Charge, Renounce Religion, Depart the Abyss, Bend Space, Banish,
Corrupt


You were on level 6 of the Dungeon.
You worshipped Lugonu.
Lugonu was greatly pleased with you.
You visited 1 branch of the dungeon, and saw 6 of its levels.
You visited the Abyss 1 time.
You also visited: Ossuary.

You collected 415 gold pieces.
You spent 400 gold pieces at shops.


Innate Abilities, Weirdness & Mutations

You are completely covered in rugged brown scales. (AC +3, +7% HP)
You have supernaturally acute eyesight. (SInv)
Armour fits poorly on your strangely shaped body.
You can roll at nearby foes to attack.
You have a long armoured tail.
You curl defensively after being hit.


   Skills:
 + Level 5.0 Fighting
 - Level 8.0 Axes
 + Level 3.1 Armour
 - Level 0.7 Dodging
 - Level 8.0 Invocations


You had 7 spell levels left.
You didn't know any spells.
Your spell library contained the following spells:

 Spells                   Type           Power      Damage    Failure   Level
 Passwall                 Tmut/Erth      0%         N/A       95%         2
 Gell's Gravitas          Tloc           0%         N/A       99%         3
 Lesser Beckoning         Tloc           0%         N/A       99%         3
 Swiftness                Air            0%         N/A       99%         3
 Teleport Other           Tloc           0%         N/A       99%         3
 Invisibility             Hex            0%         N/A       100%        6

Inventory:

Hand Weapons
 a - a +0 war axe of flaming (weapon)
 c - a +1 hand axe
Missiles
 p - 2 poisoned darts
Armour
 b - a +0 leather armour
 k - a +0 cloak (worn)
 w - a +0 barding (worn)
 x - a +0 chain mail (worn)
Jewellery
 h - a ring of wizardry (right hand)
Scrolls
 e - 3 scrolls of magic mapping
 f - 3 scrolls of enchant armour
 i - 2 scrolls of fear
 l - 2 scrolls of blinking
 m - a scroll of brand weapon
 n - 2 scrolls of immolation {!r}
 o - 2 scrolls of teleportation {@r4}
 r - a scroll of amnesia {unknown}
 s - 3 scrolls of noise {unknown}
 t - a scroll of summoning
Potions
 d - 5 potions of curing {@q1}
 g - a potion of magic {unknown}
 j - a potion of mutation {unknown}
 q - a potion of attraction {unknown}
 u - a potion of haste {@q3}
 v - a potion of berserk rage {!q}

Dungeon Overview and Level Annotations

Branches:
Dungeon (6/15)            Ossuary (visited)
 Temple: D:4-7

Altars:
Fedhas
Makhleb
Wu Jian
Yredelemnul

Shops:
D:4 (!?   D:5 (

Annotations:
D:3 Sigmund

...▒▒▒... ..
...▒▒▒....[.. ...
▒.............
....▒▒▒▒▒▒..............
...▒...................
▒ ▒.....................
...▒..................<.
......O..............<..
▒..H.............£..
▒............(......
▒.....£.........>..▒
▒...........▒.....▒▒
▒.........▒ ▒▒▒▒▒▒
▒▒▒▒..:.... ▒▒▒▒▒▒▒


You could see an ogre.


Message History

No target in view!
You start resting.
An ogre comes into view. It is wielding a +0 giant club.
You climb upwards.
There is a stone staircase leading down, spattered with blood here.
Unknown command.
You start resting.
HP restored.
You climb downwards.
The ogre hits you with a +0 giant club!!
There is a stone staircase leading up, spattered with blood here.
Unknown command.
You barely miss the ogre. The ogre hits you with a +0 giant club!
* * * LOW HITPOINT WARNING * * *
You closely miss the ogre.
An ufetubus comes into view.
The ogre hits you with a +0 giant club!!
* * * LOW HITPOINT WARNING * * *
The ufetubus moves out of view.
You hit the ogre. You burn the ogre. You tail-slap the ogre!
The ogre is heavily wounded.
The ogre barely misses you.
You barely miss the ogre. You tail-slap the ogre!
The ogre is severely wounded.
The ogre hits you with a +0 giant club!
You die...

Action                   |  1- 3 |  4- 6 |  7- 9 || total
-------------------------+-------+-------+-------++-------
Melee: Hand axe          |   102 |   199 |       ||   301
       Tailslap          |    14 |    21 |    32 ||    67
       War axe           |       |    31 |   238 ||   269
  Use: Scroll            |       |     6 |     2 ||     8
       Potion            |       |       |     2 ||     2
Armor: Leather armour    |    42 |    90 |    67 ||   199
       Chain mail        |       |       |    48 ||    48
Dodge: Dodged            |    44 |   130 |    70 ||   244

Levels and vault maps discovered:
D:1:      kb_arrival_jail, layout_basic, hellmonk_ecumenical_altar_arch_garden,
          serial_forest, infiniplex_forest_lined_3_way,
          infiniplex_forest_clump_large, infiniplex_forest_end_2,
          infiniplex_forest_clump_long, infiniplex_forest_clump_diagonal,
          infiniplex_forest_side_room, infiniplex_forest_lined_ring,
          infiniplex_forest_lined_2, infiniplex_forest_clump_curved,
          infiniplex_forest_lined_3_way
D:2:      layout_rooms, kennysheep_boxes
D:3:      layout_basic, lemuel_crystal_altar, uniq_sigmund
D:4:      wander_river, layout_gridville, serial_shops, shop,
          nicolae_shop_stone, nicolae_shop_window_shopping, minmay_snake_closets
D:5:      layout_loops_ring, nicolae_yredelemnul_corpse_copse,
          nicolae_wu_jian_wuxing_cycle, makhleb_grotto_becter,
          nicolae_ossuary_entry_catacombs, serial_shops, kennysheep_mini,
          kennysheep_pointless_box
D:6:      layout_rooms, pf_just_have_faith, nicolae_vehumet_radiance,
          chequers_temple_overflow_statue_of_worship,
          minmay_temple_entry_enclosed_plants, uniq_edmund, uniq_pikel,
          uniq_blork_the_orc

Notes
Turn   | Place    | Note
-------+----------+-------------------------------------------
     0 | Abyss:1  | sanka the Palentonga Abyssal Knight began the quest for the
                  | Orb.
     0 | Abyss:1  | Reached XP level 1. HP: 19/19 MP: 2/2
    16 | D:1      | Escaped the Abyss
    19 | D:1      | Noticed a merfolk
    19 | D:1      | Noticed a dwarf
    21 | D:1      | Noticed a vampire
    23 | D:1      | Noticed a gargoyle
    25 | D:1      | Noticed an ogre
    27 | D:1      | Noticed a tengu
    29 | D:1      | Noticed a spriggan
    29 | D:1      | Noticed a vine stalker
    31 | D:1      | Noticed a minotaur
    31 | D:1      | Noticed a felid
    33 | D:1      | Noticed a demonspawn
    35 | D:1      | Noticed a formicid
    35 | D:1      | Noticed a ghoul
    37 | D:1      | Noticed a troll
    37 | D:1      | Noticed a human
    39 | D:1      | Noticed an elf
    39 | D:1      | Noticed a naga
    41 | D:1      | Noticed a demigod
    41 | D:1      | Noticed an octopode
    43 | D:1      | Noticed a draconian
   187 | D:1      | Reached XP level 2. HP: 22/25 MP: 4/4
   192 | D:1      | Reached skill level 3 in Invocations
   523 | D:1      | Reached ** piety under Lugonu
   836 | D:1      | Reached XP level 3. HP: 29/31 MP: 5/5
   891 | D:1      | Found a faded altar of an unknown god.
  1168 | D:2      | Upgraded the game from 0.28-a0-695-gff097466f2 to
                  | 0.28-a0-723-g095bd1b44f
  1204 | D:2      | Reached skill level 4 in Invocations
  1724 | D:2      | Reached XP level 4. HP: 37/37 MP: 7/7
  1932 | D:2      | Reached skill level 5 in Invocations
  2472 | D:3      | Identified a +2 robe of resistance
  2472 | D:3      | Noticed Sigmund
  3161 | D:2      | HP: 2/37 [gnoll (4)]
  3178 | D:2      | Reached XP level 5. HP: 5/43 MP: 9/9
  3674 | D:3      | Found a blossoming altar of Fedhas.
  3780 | D:3      | Reached skill level 6 in Invocations
  4942 | D:4      | Noticed a necrophage
  4944 | D:4      | Noticed a phantom
  4946 | D:4      | Reached *** piety under Lugonu
  4967 | D:3      | Reached skill level 7 in Invocations
  4967 | D:3      | Reached XP level 6. HP: 29/49 MP: 11/11
  5292 | D:4      | Found Soemat's Distillery.
  5300 | D:4      | Bought a potion of curing for 30 gold pieces
  5448 | D:4      | Found Siazi's Weapon Emporium.
  5651 | D:4      | Reached skill level 8 in Invocations
  6095 | D:4      | Reached skill level 3 in Axes
  6095 | D:4      | Gained mutation: You curl defensively after being hit.
                  | [Palentonga growth]
  6095 | D:4      | Reached XP level 7. HP: 32/55 MP: 13/13
  6578 | D:4      | Found Zuffuc's Magic Scroll Boutique.
  6633 | D:5      | Entered Level 5 of the Dungeon
  6789 | D:5      | Reached skill level 4 in Axes
  6872 | D:5      | Reached skill level 5 in Axes
  7032 | D:5      | Found a sand-covered staircase.
  7044 | D:5      | HP: 4/55 [elf zombie (2)]
  7051 | D:5      | Reached skill level 6 in Axes
  7220 | Ossuary  | Entered an ossuary
  7375 | Ossuary  | Reached **** piety under Lugonu
  7376 | Ossuary  | Reached XP level 8. HP: 49/62 MP: 14/14
  7778 | D:5      | Reached skill level 7 in Axes
  8256 | D:5      | Found an ornate altar of the Wu Jian Council.
  8296 | D:5      | Found a basalt altar of Yredelemnul.
  8359 | D:5      | Reached skill level 8 in Axes
  8527 | D:5      | Found a burning altar of Makhleb.
  8716 | D:5      | Found Reclaits's Antique Weapon Boutique.
  8775 | D:4      | Bought a scroll of summoning for 123 gold pieces
  8775 | D:4      | Bought a scroll of blinking for 97 gold pieces
  8809 | D:4      | Bought a potion of haste for 100 gold pieces
  8809 | D:4      | Bought a potion of berserk rage for 50 gold pieces
  9009 | D:6      | Noticed Blork the orc
  9020 | D:5      | Killed Blork the orc
  9021 | D:5      | Reached skill level 4 in Fighting
  9106 | D:5      | Reached skill level 2 in Armour
  9403 | D:6      | Reached skill level 3 in Armour
  9405 | D:6      | Reached skill level 5 in Fighting
  9602 | D:6      | Slain by an ogre

Vanquished Creatures
  An ice beast (D:5)
  An ogre (D:5)
  A necrophage (D:3)
  A phantom (D:4)
  Blork the orc (D:5)
  5 elf zombies
  2 wyvern zombies (D:6)
  4 scorpions (D:5)
  A howler monkey (D:5)
  3 bullfrog zombies (D:5)
  A centaur zombie (D:5)
  A human zombie (D:5)
  2 jellies (D:5)
  2 orc priests (D:4)
  A hound (D:3)
  3 human skeletons (D:5)
  An iguana (D:5)
  2 orc wizards (D:3)
  A scorpion zombie (D:5)
  A hound zombie (D:5)
  2 mummies (Ossuary)
  8 gnolls
  10 adders
  A shadow imp (D:5)
  An ufetubus (D:5)
  A worm (D:2)
  3 dart slugs
  7 orcs
  10 ball pythons
  6 bats
  9 endoplasms
  A giant cockroach (D:4)
  6 gnoll zombies (Ossuary)
  8 goblins
  3 hobgoblins (D:1)
  7 jackals (D:2)
  2 quokkas
  3 frilled lizards
  A goblin zombie (Ossuary)
  4 hobgoblin zombies (Ossuary)
  8 kobolds
  3 orc skeletons (D:5)
  2 orc zombies (Ossuary)
  10 rats
151 creatures vanquished.

Vanquished Creatures (others)
  A plant (D:1)
1 creature vanquished.

Grand Total: 152 creatures vanquished
